 Dungeon Crawl Stone Soup version 0.31-a0-426-g3a05650e59 (webtiles) character file.

Game seed: 14428252040286574131

5688 floatRand the Grappler (level 10, -10/71 HPs)
             Began as a Green Draconian Shapeshifter on July 30, 2023.
             Was a High Priest of Ru.
             Mangled by Lodul
             ... wielding a +1 dire flail of protection
              (32 damage)
             ... on level 10 of the Dungeon.
             The game lasted 00:08:46 (8271 turns).

floatRand the Grappler (DrSh)                       Turns: 8271, Time: 00:08:46

Health: -10/71     AC:  7    Str: 18    XL:     10   Next: 47%
Magic:  10/10      EV: 17    Int:  9    God:    Ru [*****.]
Gold:   510        SH:  0    Dex: 15    Spells: 9/9 levels left

rFire   . .          .
                       - Unarmed
rCold   . . .        (shield unavailable)
rNeg    . . .        (body armour unavailable)
rPois   +            (helmet currently unavailable)
rElec   .            (cloak currently unavailable)
rCorr   .            (gloves currently unavailable)
SInv    .            (boots currently unavailable)
Will    .....        y - amulet of the acrobat
Stlth   +            (ring unavailable)
HPRegen 0.31/turn    p - +5 ring of evasion
MPRegen 0.12/turn

%: inaccuracy (-5), acrobat
@: beast-form
A: beast (slay +5), breathe noxious fumes, AC +7, unfitting armour, poison
resistance, cold-blooded, missing a hand, inability to use devices, missing an
eye
a: Breathe Noxious Fumes, Begin Untransformation, Renounce Religion, Draw Out
Power, Power Leap, Apocalypse


You were on level 10 of the Dungeon.
You worshipped Ru.
Ru was extremely pleased with you.
You were a hulking beast.
You visited 1 branch of the dungeon, and saw 10 of its levels.

You collected 510 gold pieces.

Inventory:

Jewellery
 g - a ring of resist corrosion
 i - an amulet of magic regeneration
 n - a +6 ring of dexterity
 p - a +5 ring of evasion (right hand)
 y - an amulet of the acrobat (around neck)
Talismans
 b - a beast talisman (active)
 w - a serpent talisman
Scrolls
 a - 4 scrolls of teleportation
 d - a scroll of amnesia {unknown}
 j - 4 scrolls of blinking
 l - 3 scrolls of immolation
 o - 2 scrolls of enchant armour
 s - a scroll of fear {unknown}
 x - 2 scrolls of identify
 z - a scroll of noise
Potions
 c - 4 potions of cancellation
 e - a potion of berserk rage
 f - 2 potions of brilliance
 h - 8 potions of curing
 k - a potion of might
 m - 3 potions of heal wounds
 q - 2 potions of magic
 r - 3 potions of mutation
 t - a potion of resistance {unknown}
 u - 2 potions of attraction {unknown}
 v - 2 potions of enlightenment {unknown}


   Skills:
 - Level 1.1 Fighting
 - Level 1.7 Dodging
 * Level 13.1 Unarmed Combat
 + Level 8.3 Shapeshifting


You had 9 spell levels left.
You didn't know any spells.
Your spell library contained the following spells:

 Spells                   Type           Power      Damage    Failure   Level
 Sandblast                Erth           0%         2d4       38%         1
 Slow                     Hex            0%         N/A       38%         1
 Sting                    Tmut/Pois      0%         1d3       38%         1
 Summon Small Mammal      Summ           0%         N/A       38%         1
 Passwall                 Tmut/Erth      0%         N/A       52%         2
 Poisonous Vapours        Pois/Air       0%         N/A       52%         2
 Call Canine Familiar     Summ           0%         N/A       77%         3
 Confusing Touch          Hex            0%         N/A       77%         3
 Stone Arrow              Conj/Erth      0%         3d7       77%         3
 Summon Guardian Golem    Hex/Summ       0%         N/A       77%         3
 Vampiric Draining        Necr           0%         2d6       77%         3
 Olgreb's Toxic Radiance  Pois           0%         N/A       99%         4
 Discord                  Hex            0%         N/A       100%        8
 Ignition                 Fire           0%         3d3       100%        8


Dungeon Overview and Level Annotations

Branches:
Dungeon (10/15)            Temple (0/1) D:7
   Lair: D:8-11         Orc: D:9-12

Altars:
Ashenzari
Cheibriados
Dithmenos
Fedhas
Hepliaklqana
Kikubaaqudgha
Makhleb
Nemelex Xobeh
Okawaru
Qazlal
Ru
Sif Muna
Wu Jian
Yredelemnul
The Shining One

Shops:
D:3 (   D:4 :   D:6 *   D:9 (

Annotations:
D:10 Lodul


Innate Abilities, Weirdness & Mutations

You are a hulking beast.
Your limbs bulge with bestial killing power. (Slay +5)
You can breathe blasts of noxious fumes.
Your lurid green scales are hard. (AC +7)
You cannot fit into any form of body armour.
Your system is resistant to poisons. (rPois)
You are cold-blooded and may be slowed by cold attacks.
You are missing a hand.
You cannot study or use magical devices.
You are missing an eye, making it more difficult to aim.


Message History

The ogre completely misses you.
You punch the ogre!
You tail-slap the ogre, but do no damage.
The ogre is almost dead.
Lodul completely misses the ogre.
Unknown command.
You pummel the ogre!!
You kill the ogre!
Lodul seems less confused.
Unknown command.
Lodul zaps a wand.
You struggle to resist.
The ogre is stunned by your conviction and fails to attack.
Things that are here:
a +0 giant club; a +0 giant club You punch Lodul!
Lodul is lightly wounded.
Lodul hits you with a +1 dire flail of protection!
The ogre completely misses you.
You hit Lodul.
Lodul is moderately wounded.
You punch Lodul!
Lodul is moderately wounded.
You have got your breath back.
Lodul misses you. The ogre hits you with a +0 giant club!
Unknown command.
You punch Lodul!
Lodul is heavily wounded.
You hit Lodul.
Your tail-slap misses Lodul.
Lodul is severely wounded.
Lodul closely misses you. The ogre hits you with a +0 giant club!
You focus your inner power and blind the ogre in retribution!
You are too injured to fight recklessly!
Unknown command.
You hit Lodul.
Lodul is severely wounded.
You are too injured to fight recklessly!
You hit Lodul but do no damage.
Lodul is severely wounded.
Lodul hits you with a +1 dire flail of protection!!
You die...

##. ######..
........
#######. #. #.
######### ##
......OO#
###########h#
(........##)#
########.##)#
##########.##.#
#.............#
#.########.####
#.# #.# ##.####
#.# ###.....#
#..


You could see Lodul and an ogre (blind).

Vanquished Creatures
  A shadow (D:10)
  4 yaks
  A wraith (D:9)
  2 humans (D:9)
  A steam dragon (D:9)
  4 orc warriors
  A sky beast (D:7)
  3 black bears
  An ice beast (D:8)
  5 ogres (D:10)
  A centaur (D:6)
  A phantom (D:6)
  4 kobold brigands
  6 bullfrogs
  3 necrophages (D:8)
  2 wyvern zombies (D:8)
  3 wights (D:8)
  10 killer bees
  3 howler monkeys (D:8)
  An electric eel (D:8)
  4 centaur zombies (D:8)
  A human zombie (D:8)
  5 hounds
  3 gnoll boudas
  6 orc priests
  2 jellies
  2 sleepcaps
  4 iguanas
  4 orc wizards
  Terence (D:2)
  Robin (D:2)
  15 gnolls
  12 adders
  3 white imps
  An ufetubus (D:4)
  4 dart slugs
  33 orcs
  5 ball pythons
  4 bats
  9 endoplasms
  6 giant cockroaches
  11 goblins
  8 hobgoblins
  2 jackals (D:1)
  2 quokkas
  3 frilled lizards
  24 kobolds
  5 rats
  A spectral orc (D:3)
238 creatures vanquished.

Vanquished Creatures (others)
  A killer bee (D:10)
  A shadow imp (D:5)
  An orc (D:5)
3 creatures vanquished.

Grand Total: 241 creatures vanquished

Notes
Turn   | Place    | Note
-------+----------+-------------------------------------------
     0 | D:1      | floatRand the Draconian Shapeshifter began the quest for
                  | the Orb.
     0 | D:1      | Reached XP level 1. HP: 16/16 MP: 1/1
    62 | D:1      | Reached XP level 2. HP: 23/23 MP: 2/2
   282 | D:1      | Found a faded altar of an unknown god.
   344 | D:1      | Reached XP level 3. HP: 28/28 MP: 3/3
   810 | D:2      | Reached skill level 4 in Unarmed Combat
   921 | D:2      | Found a sacrificial altar of Ru.
   939 | D:2      | Became a worshipper of Ru the Awakened
  1101 | D:2      | Noticed Terence
  1124 | D:2      | Killed Terence
  1125 | D:2      | Reached XP level 4. HP: 20/35 MP: 4/4
  1197 | D:2      | Noticed Robin
  1218 | D:2      | Killed Robin
  1578 | D:2      | Reached skill level 5 in Unarmed Combat
  1578 | D:2      | Reached XP level 5. HP: 36/40 MP: 5/5
  1773 | D:3      | Found a hazy altar of Hepliaklqana.
  1916 | D:3      | Found Gatsimool's Weapon Shoppe.
  2306 | D:3      | Found a basalt altar of Yredelemnul.
  2356 | D:4      | Gained mutation: You are missing a hand. [Ru sacrifice]
  2356 | D:4      | Reached * piety under Ru
  2356 | D:4      | Reached ** piety under Ru
  2680 | D:4      | Found Goples's Tiny Tomes.
  2819 | D:4      | Reached XP level 6. HP: 42/47 MP: 6/6
  2994 | D:5      | Entered Level 5 of the Dungeon
  3005 | D:5      | Reached skill level 6 in Unarmed Combat
  3595 | D:5      | Found a shimmering blue altar of Sif Muna.
  3596 | D:5      | Found an ornate altar of the Wu Jian Council.
  3658 | D:5      | Reached skill level 7 in Unarmed Combat
  3658 | D:5      | Your scales start taking on a lurid green colour.
  3658 | D:5      | Reached XP level 7. HP: 50/52 MP: 7/7
  3658 | D:5      | Gained mutation: Your system is resistant to poisons.
                  | (rPois) [Green Draconian growth]
  3825 | D:5      | Found a sparkling altar of Nemelex Xobeh.
  4082 | D:6      | Found a burning altar of Makhleb.
  4143 | D:6      | Reached skill level 5 in Shapeshifting
  4192 | D:6      | Found Laatog's Overcharged Wands.
  4213 | D:6      | Reached skill level 8 in Unarmed Combat
  4395 | D:6      | Reached XP level 8. HP: 57/59 MP: 8/8
  4536 | D:6      | Found a blossoming altar of Fedhas.
  4668 | D:6      | Found a sacrificial altar of Ru.
  4696 | D:6      | Gained mutation: You cannot study or use magical devices.
                  | [Ru sacrifice]
  4696 | D:6      | Reached *** piety under Ru
  4696 | D:6      | Reached **** piety under Ru
  4696 | D:6      | Reached ***** piety under Ru
  4741 | D:6      | Found a shadowy altar of Dithmenos.
  5027 | D:7      | Reached skill level 9 in Unarmed Combat
  5534 | D:7      | Found a staircase to the Ecumenical Temple.
  5672 | D:8      | Reached skill level 10 in Unarmed Combat
  5737 | D:8      | Reached XP level 9. HP: 64/64 MP: 9/9
  6251 | D:8      | Reached skill level 11 in Unarmed Combat
  6253 | D:8      | Found an ancient bone altar of Kikubaaqudgha.
  6880 | D:9      | Identified the +1 trident "Tasmis" {protect, rC+ Str+3
                  | Stlth-}
  6968 | D:9      | Found an iron altar of Okawaru.
  7065 | D:9      | Reached skill level 12 in Unarmed Combat
  7071 | D:9      | Reached XP level 10. HP: 71/71 MP: 10/10
  7074 | D:9      | Found a stormy altar of Qazlal.
  7075 | D:9      | Found a glowing golden altar of the Shining One.
  7083 | D:9      | Found Fyly's Antique Weapon Emporium.
  7091 | D:9      | Gained mutation: You are missing an eye, making it more
                  | difficult to aim. [Ru sacrifice]
  7567 | D:9      | Found a snail-covered altar of Cheibriados.
  7802 | D:9      | Found a broken altar of Ashenzari.
  7880 | D:10     | Entered Level 10 of the Dungeon
  8253 | D:10     | Noticed Lodul
  8257 | D:10     | Reached skill level 13 in Unarmed Combat
  8271 | D:10     | Mangled by Lodul

Illustrated notes

Levels and vault maps discovered:
D:1:      arrival_zaba_pyramid, layout_basic,
          hellmonk_ecumenical_altar_defaced_shrine
D:2:      layout_loops_ring, basic_altar, uniq_terence, uniq_robin
D:3:      layout_basic, lemuel_doored_altar,
          yredelemnul_forgotten_temple_becter, serial_shops,
          nicolae_shop_bloodbath_and_beyond, kennysheep_pointless_box
D:4:      layout_basic, nicolae_shop_i_like_small_books_too
D:5:      layout_cave_pools, mainiacjoe_overflow_alcove_4,
          mainiacjoe_overflow_divided_tiny
D:6:      layout_loops_ring, grunt_dithmenos_shadows, kennysheep_mini_moat,
          lightli_temple_of_fire, lemuel_tele_altar,
          nicolae_shop_overcharged_wands
D:7:      layout_cave_pools, temple_hall
D:8:      layout_cave_pools, lemuel_mausoleum_altar_kikubaaqudgha,
          serial_park_tiny_1, kennysheep_small_spiral, minmay_bent
D:9:      layout_loops_ring, okawaru_humans,
          chequers_temple_overflow_statue_of_worship,
          mainiacjoe_overflow_alcove_1,
          mainiacjoe_overflow_concentric_impassable, serial_shops, shop,
          hangedman_glass_teeth
D:10:     kennysheep_six_static_rooms, layout_loops_ring, uniq_lodul,
          uniq_erolcha

Skill      XL: |  1  2  3  4  5  6  7  8  9 10 |
---------------+-------------------------------+-----
Unarmed Combat | 4 5 7 8 10 12 13 | 13.1
Shapeshifting  | 4 5 6 7 8 |  8.3
Fighting       | |  1.1
Dodging        | |  1.7

Action                     |  1- 3 |  4- 6 |  7- 9 | 10-12 || total
---------------------------+-------+-------+-------+-------++-------
  Melee: Unarmed           |   134 |   148 |   321 |   104 ||   707
         Tailslap          |    11 |    19 |    45 |    15 ||    90
         Punch             |     3 |     2 |       |       ||     5
 Invoke: Sacrifice a Hand  |       |     1 |       |       ||     1
         Sacrifice Artific |       |       |     1 |       ||     1
         Sacrifice an Eye  |       |       |       |     1 ||     1
Ability: Breathe Noxious F |       |       |    13 |     6 ||    19
    Use: Potion            |       |     1 |       |       ||     1
         Scroll            |       |     8 |    10 |       ||    18
   Stab: Sleeping          |     2 |     1 |     1 |       ||     4
         Invisible         |       |       |     3 |       ||     3
         Confused          |       |       |     7 |     3 ||    10
         Distracted        |       |       |     1 |       ||     1
         Paralysed         |       |       |     1 |       ||     1
 Armour: Skin              |    43 |    33 |    53 |     5 ||   134
  Dodge: Dodged            |    87 |    86 |   224 |    65 ||   462

Table legend: (Time is in decaauts)
 A = Elapsed time spent in this place.
 B = Non-inter-level travel time spent in this place.
 C = Inter-level travel time spent in this place.
 D = Time resting spent in this place.
 E = Time spent auto-exploring this place.
 F = Levels seen in this place.
 G = Mean time per level.
                   A        B        C        D        E       F      G
               +--------+--------+--------+--------+--------+-----+--------+
         Total |   8164 |   8012 |    152 |    969 |   5360 |  10 |  816.4 |
       Dungeon |   8164 |   8012 |    152 |    969 |   5360 |  10 |  816.4 |
               +--------+--------+--------+--------+--------+-----+--------+

Top non-repeatable levels by time:
     D:8: 1143 daAuts
     D:9: 1108 daAuts
     D:5: 974 daAuts
     D:6: 898 daAuts
     D:2: 881 daAuts
     D:1: 803 daAuts
     D:7: 684 daAuts
     D:3: 646 daAuts
     D:4: 643 daAuts
    D:10: 380 daAuts
